 Dungeon Crawl Stone Soup version 0.28-a0-245-g639a1a48b9 (webtiles) character file.

Game seed: 5505699367608555790

36 PentaManta the Ruffian (level 3, -1/31 HPs)
             Began as a Ghoul Abyssal Knight on Aug 25, 2021.
             Was a Follower of Lugonu.
             Slain by a gnoll (4 damage)
             ... on level 3 of the Dungeon.
             The game lasted 00:01:29 (1909 turns).

PentaManta the Ruffian (Ghoul Abyssal Knight)       Turns: 1909, Time: 00:01:30

Health: -1/31      AC:  3    Str: 16    XL:     3   Next: 37%
Magic:  3/3        EV: 11    Int:  7    God:    Lugonu [*.....]
Gold:   26         SH:  0    Dex:  8    Spells: 2/2 levels left

rFire   . . .      SeeInvis .     - Unarmed
rCold   + . .      Faith    .   (no shield)
rNeg    + + +      Spirit   .   a - +0 leather armour
rPois   ∞          Reflect  .   (no helmet)
rElec   .          Harm     .   (no cloak)
rCorr   .          Rampage  .   (no gloves)
Will    .....                   (no boots)
Stlth   +.........              (no amulet)
HPRegen 0.00/turn               (no ring)
MPRegen 0.08/turn               (no ring)

@: inhibited regen
A: claws 1, cold resistance 1, negative energy resistance 3, inhibited
regeneration, torment resistance 2
a: Renounce Religion, Depart the Abyss


You were on level 3 of the Dungeon.
You worshipped Lugonu.
Lugonu was aware of your devotion.
You visited 1 branch of the dungeon, and saw 3 of its levels.
You visited the Abyss 1 time.

You collected 26 gold pieces.

Inventory:

Armour
 a - a +0 leather armour (worn)
Scrolls
 b - a scroll of torment {unknown}


   Skills:
 - Level 3.2 Fighting
 - Level 1.7 Armour
 - Level 0.8 Dodging
 + Level 4.1 Unarmed Combat
 - Level 2.0 Invocations


You had 2 spell levels left.
You didn't know any spells.
Your spell library was empty.

Dungeon Overview and Level Annotations

Branches:
Dungeon (3/15)

Altars:


Innate Abilities, Weirdness & Mutations

You thrive by killing the living.
You are immune to poison.
You have sharp fingernails.
Your flesh is cold resistant. (rC+)
You are immune to negative energy. (rN+++)
You do not regenerate when monsters are visible.
You are immune to unholy pain and torment.


Message History

The gnoll shouts!
A gnoll comes into view. It is wielding a +0 flail.
There is a stone staircase leading down here.
There are monsters nearby!
A gnoll comes into view. It is wielding a +0 flail.
There is a stone staircase leading down here.
The gnoll shouts!
The dart slug launches a dart at you. The slug dart misses you.
You climb downwards.
Found 11 arrows.
There is a stone staircase leading up here.
You start resting.
HP restored.
You climb upwards.
The gnoll hits you from afar with a +0 spear.
The gnoll misses you. The gnoll hits you with a +0 flail!
There is a stone staircase leading down here.
The gnoll hits you with a +0 flail!
* * * LOW HITPOINT WARNING * * *
You climb downwards.
There is a stone staircase leading up here.
You closely miss the gnoll. You scratch the gnoll.
The gnoll is moderately wounded.
The gnoll hits you with a +0 flail.
* * * LOW HITPOINT WARNING * * *
You scratch the gnoll but do no damage. You claw the gnoll.
The gnoll is heavily wounded.
The gnoll barely misses you.
You barely miss the gnoll.
The gnoll is heavily wounded.
The gnoll closely misses you.
Okay, then.
A rat comes into view.
The rat bites you but does no damage. The rat bites you.
* * * LOW HITPOINT WARNING * * *
The gnoll hits you with a +0 flail.
You die...

####### #
#.....#
#.######.....#
#....(.......#
#....rg#.<...#
#.....@#.....#
##..........##
#.....##.....
###..###.#.##.
#.. ....# #
#.. ..#.# ...
..#.. ##..


You could see a gnoll and a rat.

Vanquished Creatures
  An adder (D:2)
  3 ball pythons
  3 endoplasms (D:1)
  A goblin (D:1)
  A hobgoblin (D:1)
  9 jackals
  A quokka (D:1)
  A bat (D:1)
  A kobold (D:1)
  3 rats (D:1)
24 creatures vanquished.

Vanquished Creatures (others)
  2 starspawn tentacles (Abyss:1)
2 creatures vanquished.

Grand Total: 26 creatures vanquished

Notes
Turn   | Place    | Note
-------+----------+-------------------------------------------
     0 | Abyss:1  | PentaManta the Ghoul Abyssal Knight began the quest for the
                  | Orb.
     0 | Abyss:1  | Reached XP level 1. HP: 19/19 MP: 1/1
    65 | Abyss:1  | Noticed a large abomination
    90 | Abyss:1  | Noticed a tentacled starspawn
    98 | D:1      | Escaped the Abyss
   535 | D:1      | Reached XP level 2. HP: 26/26 MP: 2/2
   541 | D:1      | Reached skill level 3 in Unarmed Combat
   919 | D:1      | Reached * piety under Lugonu
  1215 | D:1      | Found a faded altar of an unknown god.
  1707 | D:2      | Reached XP level 3. HP: 31/31 MP: 3/3
  1737 | D:2      | Reached skill level 4 in Unarmed Combat
  1909 | D:3      | Slain by a gnoll

Illustrated notes

Levels and vault maps discovered:
D:1:      dpeg_arrival_tiny_a, layout_loops_ring,
          shapermc_ecumenical_altar_venn, chequers_big_river
D:2:      layout_rooms
D:3:      layout_loops_cross, grunt_qazlal_clouds, uniq_natasha

Skill      XL: |  1  2  3 |
---------------+----------+-----
Unarmed Combat | 3 4 |  4.1
Fighting       | |  3.2
Armour         | |  1.7
Dodging        | |  0.8
Invocations    | |  2.0

Action                   || total
-------------------------++-------
Melee: Unarmed           ||    98
       Punch             ||     2
Invok: Depart the Abyss  ||     1
Armor: Leather armour    ||    24
Dodge: Dodged            ||    64

Table legend: (Time is in decaauts)
 A = Elapsed time spent in this place.
 B = Non-inter-level travel time spent in this place.
 C = Inter-level travel time spent in this place.
 D = Time resting spent in this place.
 E = Time spent auto-exploring this place.
 F = Levels seen in this place.
 G = Mean time per level.
                   A        B        C        D        E       F      G
               +--------+--------+--------+--------+--------+-----+--------+
         Total |   1912 |   1849 |     63 |    500 |   1141 |   4 |  478.0 |
       Dungeon |   1814 |   1751 |     63 |    500 |   1077 |   3 |  604.7 |
         Abyss |     98 |     98 |      0 |      0 |     64 |   1 |   98.0 |
               +--------+--------+--------+--------+--------+-----+--------+

Top non-repeatable levels by time:
     D:1: 1601 daAuts
     D:3: 163 daAuts
 Abyss:1: 98 daAuts
     D:2: 49 daAuts
